 Dungeon Crawl Stone Soup version 0.23.0 (webtiles) character file.

Game seed: 5023501478687838801

4192 Lavandula the Grappler (level 10, -17/88 HPs)
             Began as a Troll Wanderer on Feb 16, 2019.
             Was a Believer of Wu Jian.
             Demolished by a cyclops (23 damage)
             ... on level 9 of the Dungeon.
             The game lasted 00:13:01 (4466 turns).

Lavandula the Grappler (Troll Wanderer)             Turns: 4466, Time: 00:13:02

Health: -17/88     AC:  6    Str: 23      XL:     10   Next: 8%
Magic:  9/9        EV:  9    Int:  9      God:    Wu Jian [**....]
Gold:   404        SH: 10    Dex:  8 (10) Spells: 5/9 levels left

rFire    . . .     SeeInvis .     - Unarmed
rCold    . . .     Gourm    +   a - +0 shield
rNeg     . . .     Faith    .   e - +0 robe
rPois    .         Spirit   .   (helmet restricted)
rElec    .         Reflect  .   m - scarf {cloud immunity}
rCorr    .         Harm     .   (gloves unavailable)
MR       .....                  (boots unavailable)
Stlth    +.........             (no amulet)
HPRegen  0.64/turn              u - ring of wizardry
MPRegen  0.11/turn              (no ring)

@: no status effects
A: large, unfitting armour, claws 3, fast metabolism 3, gourmand, regeneration
1, shaggy fur 1, tough skin 3
a: Wall Jump, Renounce Religion


You were on level 9 of the Dungeon.
You worshipped Wu Jian.
Wu Jian was pleased with you.
You were not hungry.

You visited 2 branches of the dungeon, and saw 10 of its levels.

You collected 404 gold pieces.

Inventory:

Hand Weapons
 d - a +0 hand axe
Missiles
 r - 3 curare-tipped needles
 s - 5 tomahawks (quivered)
Armour
 a - a +0 shield (worn)
 e - a +0 robe (worn)
 m - a scarf of cloud immunity (worn)
Jewellery
 u - a ring of wizardry (left claw)
Wands
 v - a wand of acid (12)
Scrolls
 b - 7 scrolls of teleportation {unknown}
 c - 2 scrolls of enchant armour {unknown}
 g - 4 scrolls of remove curse {unknown}
 j - a scroll of fear {unknown}
 k - 5 scrolls of blinking {unknown}
 l - a scroll of magic mapping {unknown}
 n - 2 scrolls of amnesia {unknown}
 q - 7 scrolls of identify {unknown}
 y - 2 scrolls of immolation {unknown}
Potions
 h - a potion of might {unknown}
 i - 2 potions of heal wounds {unknown}
 o - a potion of agility {unknown}
 p - a potion of degeneration {unknown}
 t - 3 potions of curing
 w - a potion of mutation {unknown}
 x - a potion of haste {unknown}
 z - a potion of flight {unknown}
Comestibles
 f - 15 rations


   Skills:
 - Level 2.4 Fighting
 - Level 3.2 Axes
 - Level 1.0 Dodging
 + Level 8.0 Shields
 - Level 11.0 Unarmed Combat
 - Level 1.0 Evocations


You had 5 spell levels left.
You knew the following spells:

 Your Spells              Type           Power        Failure   Level  Hunger
a - Summon Lightning Spi  Summ/Air       #.......     86%         4    #####..

Your spell library contained the following spells:

 Spells                   Type           Power        Failure   Level  Hunger
 Summon Small Mammal      Summ           #...         21%         1    ##.....
 Call Imp                 Summ           #.......     28%         2    ###....
 Call Canine Familiar     Summ           #.......     50%         3    ####...
 Summon Guardian Golem    Hex/Summ       #.......     50%         3    ####...
 Summon Ice Beast         Ice/Summ       #.......     86%         4    #####..


Dungeon Overview and Level Annotations

Branches:
Dungeon (9/15)             Temple (1/1) D:5            Lair (0/6) D:8
    Orc: D:9-12

Altars:
Ashenzari
Cheibriados
Dithmenos
Elyvilon
Fedhas
Gozag
Hepliaklqana
Kikubaaqudgha
Makhleb
Nemelex Xobeh
Okawaru
Qazlal
Ru
Sif Muna
Trog
Uskayaw
Vehumet
Wu Jian
Xom
Yredelemnul
Zin
The Shining One


Innate Abilities, Weirdness & Mutations

You are too large for most types of armour.
You have claws for hands.
Your metabolism is lightning-fast.
You like to eat raw meat.
Your natural rate of healing is unusually fast.
You are covered in fur. (AC +1)
You have extremely tough skin. (AC +3)


Message History

Aiming: Corrosive Bolt
Press: ? - help, Shift-Dir - straight line, f - cyclops
Aim: a cyclops (lightly wounded)
The bolt of acid hits the cyclops!
The cyclops is splashed with acid.
The cyclops is heavily wounded.
Evoke which item? (* to show all) (? for menu, Esc to quit)
Aiming: Corrosive Bolt
Press: ? - help, Shift-Dir - straight line, f/p - cyclops
Aim: a cyclops (heavily wounded)
The bolt of acid hits the cyclops!
The cyclops is splashed with acid!
The cyclops is severely wounded.
The cyclops hits you!!
* * * LOW HITPOINT WARNING * * *
Unknown command.
Evoke which item? (* to show all) (? for menu, Esc to quit)
Aiming: Corrosive Bolt
Press: ? - help, Shift-Dir - straight line, f/p - cyclops
Aim: a cyclops (severely wounded)
The bolt of acid misses the cyclops.
The cyclops hits you!!
You die...

#.. #...# #...#
#...#
.####...####### #
.............(#..
.............÷.#
..............#
####.@†.....#
#C.#######
.####..#######..
.................
.........<.......
.................
#................
#...#######..####
#... ..#


You could see a cyclops.

Vanquished Creatures
  2 hippogriffs
  Sigmund (D:5)
  Eustachio (D:4)
  A yak (D:7)
  A basilisk (D:8)
  The ghost of MenacingMecha the Poker, an amateur MfGl (D:4)
  Menkaure (D:6)
  Duvessa (D:6)
  2 orc warriors
  2 ice beasts
  A black bear (D:6)
  2 phantoms (D:5)
  An ogre (D:7)
  2 centaurs
  A crocodile (D:8)
  A big kobold (D:6)
  3 bullfrogs
  A wyvern zombie (D:4)
  2 scorpions (D:4)
  Dowan (D:6)
  6 killer bees
  2 howler monkeys
  A centaur zombie (D:7)
  3 quasits
  4 orc priests
  2 orc wizards
  4 bullfrog skeletons
  A centaur skeleton (D:4)
  3 hounds
  2 iguanas
  Terence (D:2)
  Natasha (twice) (D:3)
  8 worker ants
  A hound zombie (D:6)
  A hound skeleton (D:7)
  A worker ant zombie (D:5)
  7 gnolls
  7 adders
  A shadow imp (D:6)
  A white imp (D:8)
  An adder zombie (D:5)
  2 oozes
  2 adder skeletons
  3 worms
  A dart slug (D:2)
  3 leopard geckos
  17 orcs
  5 bats
  9 giant cockroaches
  10 hobgoblins
  2 jackals (D:5)
  16 kobolds
  5 quokkas
  2 ball pythons
  8 frilled lizards
  A giant cockroach zombie (D:5)
  10 goblins
  A jackal zombie (D:4)
  A leopard gecko skeleton (D:5)
  A quokka zombie (D:7)
  12 rats
198 creatures vanquished.

Notes
Turn   | Place    | Note
-------+----------+-------------------------------------------
     0 | D:1      | Lavandula the Troll Wanderer began the quest for the Orb.
     0 | D:1      | Lavandula set off with the following items: a +0 shield, a
                  | +0 hand crossbow, 23 bolts, a +0 hand axe, a +0 robe, 2
                  | rations
     0 | D:1      | Reached XP level 1. HP: 22/22 MP: 0/0
    49 | D:1      | Reached skill level 1 in Unarmed Combat
    95 | D:1      | Reached XP level 2. HP: 17/29 MP: 1/1
   156 | D:1      | Reached skill level 2 in Unarmed Combat
   311 | D:2      | Reached XP level 3. HP: 31/36 MP: 2/2
   375 | D:2      | Noticed Terence
   387 | D:2      | Killed Terence
   387 | D:2      | Reached skill level 3 in Unarmed Combat
   473 | D:2      | Reached XP level 4. HP: 34/44 MP: 3/3
   572 | D:2      | Reached skill level 4 in Unarmed Combat
  1011 | D:3      | Noticed Natasha
  1016 | D:3      | Killed Natasha
  1016 | D:3      | Reached XP level 5. HP: 39/50 MP: 4/4
  1235 | D:3      | Reached skill level 5 in Unarmed Combat
  1235 | D:3      | Noticed Natasha
  1250 | D:3      | Killed Natasha
  1465 | D:4      | Reached skill level 6 in Unarmed Combat
  1465 | D:4      | Reached XP level 6. HP: 57/59 MP: 5/5
  1524 | D:4      | Found a glowing silver altar of Zin.
  1573 | D:4      | Found a transporter.
  1582 | D:4      | Noticed Eustachio
  1598 | D:4      | Reached skill level 7 in Unarmed Combat
  1611 | D:4      | Killed Eustachio
  1611 | D:4      | Reached XP level 7. HP: 62/66 MP: 6/6
  1628 | D:4      | Found a transporter.
  1629 | D:4      | Noticed MenacingMecha's ghost (amateur MfGl)
  1756 | D:4      | Killed MenacingMecha's ghost
  1756 | D:4      | Reached skill level 8 in Unarmed Combat
  1946 | D:5      | Entered Level 5 of the Dungeon
  1988 | D:5      | Reached skill level 9 in Unarmed Combat
  2002 | D:5      | Reached XP level 8. HP: 40/74 MP: 7/7
  2004 | D:5      | Noticed Sigmund
  2067 | D:5      | Killed Sigmund
  2067 | D:5      | Reached skill level 10 in Unarmed Combat
  2230 | D:5      | Found a transporter.
  2334 | D:5      | Found a transporter.
  2532 | D:5      | Found a staircase to the Ecumenical Temple.
  2565 | Temple   | Entered the Ecumenical Temple
  2646 | Temple   | Became a worshipper of the Wu Jian Council
  2779 | D:6      | Noticed Dowan
  2813 | D:5      | Reached skill level 11 in Unarmed Combat
  3004 | D:6      | Reached * piety under Wu Jian
  3008 | D:6      | Reached XP level 9. HP: 80/80 MP: 8/8
  3223 | D:6      | Noticed Duvessa
  3231 | D:6      | Killed Dowan
  3240 | D:6      | Killed Duvessa
  3269 | D:6      | Learned a level 4 spell: Summon Lightning Spire
  3333 | D:7      | Noticed Menkaure
  3342 | D:6      | Killed Menkaure
  3418 | D:7      | Reached skill level 5 in Shields
  3730 | D:7      | Found a hazy altar of Hepliaklqana.
  4132 | D:8      | Noticed an elephant
  4133 | D:8      | Found a staircase to the Lair.
  4260 | D:8      | Reached ** piety under Wu Jian
  4270 | D:8      | Reached XP level 10. HP: 13/88 MP: 9/9
  4446 | D:9      | Noticed a cyclops
  4466 | D:9      | Demolished by a cyclops

Skill      XL: |  1  2  3  4  5  6  7  8  9 10 |
---------------+-------------------------------+-----
Unarmed Combat | 1 2 3 4 6 7 9 11 | 11.0
Shields        | 2 7 8 |  8.0
Fighting       | |  2.4
Axes           | |  3.2
Dodging        | |  1.0
Evocations     | |  1.0

Action                   |  1- 3 |  4- 6 |  7- 9 | 10-12 || total
-------------------------+-------+-------+-------+-------++-------
Melee: Hand axe          |    95 |       |       |       ||    95
       Unarmed           |    25 |   160 |   351 |    35 ||   571
 Fire: Hand crossbow     |     4 |       |       |       ||     4
Invok: Lunge             |       |       |    19 |       ||    19
       Whirlwind         |       |       |    41 |    21 ||    62
Evoke: Wand              |       |       |     3 |     3 ||     6
 Stab: Sleeping          |       |     2 |     1 |       ||     3
  Eat: Chunk             |    10 |    10 |    23 |       ||    43
Armor: Robe              |    57 |    78 |    81 |     9 ||   225
Dodge: Dodged            |    33 |    47 |    91 |    14 ||   185
Block: Shield            |    48 |    62 |   130 |    15 ||   255
